 Dungeon Crawl Stone Soup version 0.25-b1-29-g4cfa5c7 (webtiles) character file.

Game seed: 7784047026017914963, levelgen mode: deterministic

758 Dorkslayer the Chopper (level 7, -5/54 HPs)
             Began as a Demonspawn Abyssal Knight on May 31, 2020.
             Was a Priest of Lugonu.
             Slain by an ice beast (7 damage)
             ... on level 5 of the Dungeon.
             The game lasted 00:19:28 (3559 turns).

Dorkslayer the Chopper (Demonspawn Abyssal Knight)  Turns: 3559, Time: 00:19:29

Health: -5/54      AC:  6    Str: 15    XL:     7   Next: 50%
Magic:  0/9        EV: 11    Int: 13    God:    Lugonu [***...]
Gold:   259        SH:  0    Dex: 12    Spells: 6/6 levels left

rFire    . . .     SeeInvis .   B - +1 war axe
rCold    . . .     Gourm    .   (no shield)
rNeg     + . .     Faith    .   s - +0 ring mail
rPois    .         Spirit   +   (helmet restricted)
rElec    .         Reflect  .   (no cloak)
rCorr    .         Harm     .   (no gloves)
MR       .....     Clarity  +   y - +0 pair of boots
Stlth    +.........             n - amulet of guardian spirit
HPRegen  0.18/turn              x - ring of positive energy
MPRegen  0.11/turn              (no ring)

@: hasted, very quick
A: claws 1, hooves 1, horns 1, clarity, mutation resistance 1, powered by death
1, spiny 2
a: Depart the Abyss, Bend Space, Banish, Renounce Religion


You were on level 5 of the Dungeon.
You worshipped Lugonu.
Lugonu was most pleased with you.
You were not hungry.

You visited 1 branch of the dungeon, and saw 5 of its levels.
You visited the Abyss 1 time.

You collected 259 gold pieces.

Inventory:

Hand Weapons
 a - a +2 hand axe
 B - a +1 war axe (weapon)
Missiles
 e - 3 datura-tipped darts (quivered)
 E - 11 arrows
Armour
 s - a +0 ring mail (worn)
 y - a +0 pair of boots (worn)
Jewellery
 n - an amulet of guardian spirit (around neck)
 x - a ring of positive energy (left claw)
 D - an uncursed ring of positive energy
Wands
 t - a wand of enslavement (2)
 C - a wand of polymorph (1)
Scrolls
 b - a scroll of remove curse
 f - 2 scrolls of teleportation
 j - a scroll of noise {unknown}
 k - a scroll of blinking {unknown}
 l - 7 scrolls of amnesia
 p - a scroll of fear {unknown}
 w - a scroll of magic mapping
 z - a scroll of immolation {unknown}
 A - a scroll of identify
Potions
 d - 2 potions of stabbing
 g - a potion of heal wounds {unknown}
 i - a potion of brilliance {unknown}
 o - a potion of degeneration {unknown}
 q - 2 potions of curing
 r - a potion of haste
 v - a potion of lignification {unknown}
Comestibles
 c - 12 rations
 h - a chunk of flesh


   Skills:
 + Level 4.2 Fighting
 + Level 4.6 Axes
 + Level 2.1 Throwing
 + Level 3.3 Armour
 + Level 2.0 Dodging
 + Level 0.9 Stealth
 + Level 3.1 Invocations
 * Level 3.0 Evocations


You had 6 spell levels left.
You didn't know any spells.
Your spell library was empty.

Dungeon Overview and Level Annotations

Branches:
Dungeon (5/15)
 Temple: D:4-7

Altars:
Yredelemnul

Shops:
D:5 (


Innate Abilities, Weirdness & Mutations

You have sharp fingernails.
You have large cloven feet.
You have a pair of small horns on your head.
You regenerate a little health from kills.
You are mostly covered in sharp spines.
You possess an exceptional clarity of mind.
You are somewhat resistant to further mutation.


Message History

You throw a javelin.
The javelin closely misses the ice beast.
The javelin pierces through the orc.
The orc is almost dead.
The javelin pierces through the orc priest.
The orc priest is moderately wounded.
The javelin pierces through the orc priest.
The orc priest is almost dead.
The orc priest calls upon Beogh to heal the orc priest.
The orc priest is healed somewhat.
The ice beast is struck by your spines. The ice beast hits you.
* * * LOW HITPOINT WARNING * * *
The ice beast freezes you!
* * * LOW HITPOINT WARNING * * *
The orc misses you.
The ice beast hits you but does no damage.
You feel yourself speed up. The ice beast hits you.
* * * LOW HITPOINT WARNING * * *
The ice beast freezes you!
You die...

#(... .... ...
(. #.
#(##(#########
#..o.o[......#
#....#Y......#
#....#@......#
#.o..##......#
#.... #.....##
#o... #......#
.. ....Y
#......# ##
... ..o...
#.....## .#
.... #......#
.##....#
#.....##
.......#
##'####.#


You could see an ice beast and an orc.

Vanquished Creatures
  An ogre (D:5)
  A centaur (D:5)
  A scorpion (D:4)
  A jelly (D:5)
  A centaur skeleton (D:4)
  2 orc priests
  4 hounds
  3 iguanas (D:4)
  Jessica (D:3)
  2 worker ants
  A gnoll (D:3)
  7 adders
  4 worms
  A dart slug (D:4)
  6 leopard geckos
  7 orcs
  3 giant cockroaches (D:3)
  8 goblins
  4 hobgoblins
  5 jackals (D:1)
  8 kobolds
  3 quokkas
  5 bats
  4 frilled lizards
  A quokka skeleton (D:5)
  5 rats
89 creatures vanquished.

Vanquished Creatures (collateral kills)
  2 orcs (D:3)
2 creatures vanquished.

Grand Total: 91 creatures vanquished

Notes
Turn   | Place    | Note
-------+----------+-------------------------------------------
     0 | Abyss:1  | Dorkslayer the Demonspawn Abyssal Knight began the quest
                  | for the Orb.
     0 | Abyss:1  | Reached XP level 1. HP: 18/18 MP: 2/2
    36 | Abyss:1  | Noticed a quasit
    61 | Abyss:1  | Noticed a starcursed mass
    62 | D:1      | Escaped the Abyss
   205 | D:1      | Reached * piety under Lugonu
   241 | D:1      | Gained mutation: You are partially covered in sharp spines.
                  | [demonic ancestry]
   241 | D:1      | Reached XP level 2. HP: 5/24 MP: 3/3
   335 | D:1      | Reached skill level 1 in Dodging
  1036 | D:2      | Gained mutation: You have large cloven feet. [demonic
                  | ancestry]
  1036 | D:2      | Reached XP level 3. HP: 29/29 MP: 4/4
  1730 | D:3      | Gained mutation: You regenerate a little health from kills.
                  | [demonic ancestry]
  1730 | D:3      | Reached XP level 4. HP: 35/37 MP: 6/6
  1836 | D:3      | Noticed Jessica
  1845 | D:3      | Reached ** piety under Lugonu
  1847 | D:3      | Reached skill level 1 in Evocations
  1847 | D:3      | Gained mutation: You have sharp fingernails. [demonic
                  | ancestry]
  1847 | D:3      | Reached XP level 5. HP: 35/42 MP: 4/7
  2043 | D:3      | Killed Jessica
  2495 | D:4      | Gained mutation: You have a pair of small horns on your
                  | head. [demonic ancestry]
  2495 | D:4      | Reached XP level 6. HP: 48/48 MP: 8/8
  2659 | D:4      | Reached skill level 1 in Throwing
  3097 | D:4      | Gained mutation: Your spells are a little harder to cast,
                  | but a little more powerful. [potion of mutation]
  3097 | D:4      | Gained mutation: You are robust. (+10% HP) [potion of
                  | mutation]
  3098 | D:4      | Lost mutation: You are robust. (+10% HP) [potion of
                  | mutation]
  3098 | D:4      | Lost mutation: Your spells are a little harder to cast, but
                  | a little more powerful. [potion of mutation]
  3098 | D:4      | Gained mutation: Your magical capacity is low. (-10% MP)
                  | [potion of mutation]
  3098 | D:4      | Gained mutation: Your spells are a little harder to cast,
                  | but a little more powerful. [potion of mutation]
  3099 | D:4      | Lost mutation: Your spells are a little harder to cast, but
                  | a little more powerful. [potion of mutation]
  3099 | D:4      | Lost mutation: Your magical capacity is low. (-10% MP)
                  | [potion of mutation]
  3099 | D:4      | Gained mutation: You possess an exceptional clarity of
                  | mind. [potion of mutation]
  3099 | D:4      | Gained mutation: You are somewhat resistant to further
                  | mutation. [potion of mutation]
  3218 | D:4      | Noticed Sigmund
  3241 | D:4      | Noticed Sigmund
  3243 | D:4      | Killed Sigmund the adder
  3295 | D:4      | Found a basalt altar of Yredelemnul.
  3338 | D:5      | Entered Level 5 of the Dungeon
  3343 | D:5      | Gained mutation: You are mostly covered in sharp spines.
                  | [demonic ancestry]
  3343 | D:5      | Reached XP level 7. HP: 54/54 MP: 9/9
  3501 | D:5      | Found Wutrodos's Weapon Shop.
  3552 | D:5      | Reached *** piety under Lugonu
  3559 | D:5      | HP: 2/54 [ice beast (2)]
  3559 | D:5      | Slain by an ice beast

Illustrated notes

Levels and vault maps discovered:
D:1:      minmay_arrival_plants_in_alcoves, layout_loops_ring
D:2:      layout_basic
D:3:      layout_basic, cheibrodos_gnoll_hut, uniq_jessica
D:4:      layout_basic, kennysheep_little_box, first_ration, uniq_sigmund
D:5:      kennysheep_windowed_halls, layout_gridville,
          minmay_overflow_temple_star_quad, serial_shops, shop, uniq_edmund

Skill      XL: |  1  2  3  4  5  6  7 |
---------------+----------------------+-----
Axes           | 2 3 4 |  4.6
Dodging        | 1 2 |  2.0
Armour         | 2 3 |  3.3
Invocations    | 3 |  3.1
Evocations     | 1 2 3 |  3.0
Fighting       | 4 |  4.2
Throwing       | 1 2 |  2.1
Stealth        | |  0.9

Action                   |  1- 3 |  4- 6 |  7- 9 || total
-------------------------+-------+-------+-------++-------
Melee: Hand axe          |    76 |    85 |       ||   161
       Kick              |     5 |     7 |       ||    12
       Headbutt          |       |     6 |     1 ||     7
       War axe           |       |     3 |    10 ||    13
Throw: Dart              |     1 |    13 |     9 ||    23
       Javelin           |       |    16 |     7 ||    23
Invok: Depart the Abyss  |     1 |       |       ||     1
Evoke: Wand              |       |     2 |       ||     2
  Use: Scroll            |     4 |     6 |       ||    10
       Potion            |       |     3 |     1 ||     4
  Eat: Ration            |     1 |     1 |       ||     2
       Chunk             |     1 |       |     1 ||     2
Armor: Leather armour    |    12 |       |       ||    12
       Ring mail         |     8 |    24 |     7 ||    39
Dodge: Dodged            |    49 |    64 |     6 ||   119
